 Dungeon Crawl Stone Soup version bcrawl-1.40.3b (webtiles) character file.

Game seed: 9632709608381065054

579836 Artagas the Severer (level 16, -1/163 HPs)
             Began as a Naga Berserker on Nov 29, 2023.
             Was a High Priest of Trog.
             Slain by an earth elemental (7 damage)
             ... summoned by Jorgrun
             ... on level 2 of the Spider Nest.
             The game lasted 00:49:04 (22197 turns).

Artagas the Severer (Naga Berserker)               Turns: 22197, Time: 00:49:04

Health: -1/163     AC: 37    Str: 25    XL:     16   Next: 60%
Magic:  22/22      EV:  9    Int: 10    God:    Trog [*****.]
Gold:   840        SH:  0    Dex: 10    Spells: 15/15 levels left

rFire    + . .     GDR:     30% V - +3 battleaxe (chop)
rCold    + . .     SeeInvis +   (shield currently unavailable)
rNeg     . . .     Gourm    .   I - +9 chain mail of Exclusion {+Inv rF+ Stlth+}
rPois    +         Faith    .   W - +2 hat {MR+}
rElec    .         Spirit   .   N - +0 cloak
rCorr    .         Reflect  .   R - +2 pair of gloves
MR       +++..                  j - +3 barding
Stlth    ..........             F - amulet of rage
HPRegen  0.37/turn              c - ring of protection from cold
MPRegen  0.18/turn              u - +6 ring of evasion

@: confused, grasped by roots, berserk cooldown, slowed, constricted, very slow
A: large, tail, swims, see invisible, deformed body, poison resistance, slowness
2, slow metabolism 1, spit poison 1, constrict 1, AC +5
a: Spit Poison, Berserk, Trog's Hand, Brothers in Arms, Renounce Religion, Evoke
Berserk Rage, Evoke Invisibility


You were on level 2 of the Spider Nest.
You worshipped Trog.
Trog was extremely pleased with you.
You were not hungry.

You visited 4 branches of the dungeon, and saw 21 of its levels.
You also visited: Sewer and Gauntlet.

You collected 2355 gold pieces.
You spent 1515 gold pieces at shops.

Inventory:

Hand Weapons
 b - the +8 whip "Snakebite" {curare, rPois}
   (You found it on level 6 of the Lair of Beasts)

   It poisons the flesh of those it strikes.
   It protects you from poison.
 A - a +4 antimagic battleaxe
   (Trog gifted it to you on level 1 of the Spider Nest)
 V - a +3 battleaxe of chopping (weapon)
   (Trog gifted it to you on level 3 of the Lair of Beasts)
Missiles
 m - 11 throwing nets {=f}
 E - 419 poisoned tomahawks (quivered)
 Z - 156 javelins
Armour
 j - a +3 barding (worn)
   (You took it off Nessos on level 4 of the Lair of Beasts)
 I - the +9 chain mail of Exclusion (worn) {+Inv rF+ Stlth+}
   (You found it on level 5 of the Dungeon)

   It protects you from fire.
   It lets you turn invisible.
   It makes you more stealthy.
 N - a +0 cloak (worn)
   (You found it on level 7 of the Dungeon)
 R - a +2 pair of gloves (worn)
   (You found it on level 1 of the Lair of Beasts)
 W - a +2 hat of magic resistance (worn)
   (You took it off Gastronok on level 3 of the Lair of Beasts)
Jewellery
 c - a ring of protection from cold (left hand)
   (You found it on level 1 of the Dungeon)
 f - the ring of Amelioration {Ice Int+2}
   (You took it off Fannar in the Orcish Mines)

   [ring of ice]

   It enhances your ice magic.
   It affects your intelligence (+2).
   It makes you vulnerable to fire.
   It protects you from cold.
 p - an uncursed ring of positive energy
   (You found it on level 4 of the Dungeon)
 u - a +6 ring of evasion (right hand)
   (You found it on level 12 of the Dungeon)
 C - the ring of Satisfaction {Fire rPois rN++ Str-3 Dex-4}
   (You found it on level 4 of the Dungeon)

   [ring of fire]

   It enhances your fire magic.
   It affects your strength (-3).
   It affects your dexterity (-4).
   It protects you from fire.
   It makes you vulnerable to cold.
   It protects you from poison.
   It greatly protects you from negative energy.
 D - the ring "Byck" {Fire *Slow rElec Str+2}
   (You took it off Duvessa on level 5 of the Dungeon)

   [ring of fire]

   It enhances your fire magic.
   It affects your strength (+2).
   It protects you from fire.
   It makes you vulnerable to cold.
   It insulates you from electricity.
   It may slow you when you take damage.
 F - an amulet of rage (around neck)
   (You found it on level 5 of the Lair of Beasts)
 M - the ring of Aschioz {Ice rElec}
   (You took it off an orc priest on level 7 of the Dungeon)

   [ring of ice]

   It enhances your ice magic.
   It makes you vulnerable to fire.
   It protects you from cold.
   It insulates you from electricity.
Wands
 v - a wand of digging (32)
   (You found it on level 3 of the Dungeon)
 B - a wand of paralysis (10)
   (You found it on level 4 of the Dungeon)
 G - a wand of iceblast (42)
   (You found it on level 5 of the Dungeon)
 H - a wand of acid (6)
   (You found it on level 5 of the Dungeon)
 P - a wand of flame (9)
   (You found it on level 8 of the Dungeon)
 S - a wand of charming (20)
   (You found it on level 2 of the Lair of Beasts)
Scrolls
 g - a scroll of enchant armour
 h - 3 scrolls of enchant weapon
 l - 13 scrolls of remove curse
 o - 2 scrolls of revelation
 r - 7 scrolls of identify
 t - 10 scrolls of teleportation
 x - 3 scrolls of fog
 y - a scroll of fear
 z - a scroll of blinking
 O - a scroll of noise
Potions
 d - 4 potions of might
 i - 3 potions of haste
 k - 10 potions of flight
 n - 3 potions of resistance
 q - 8 potions of curing
 s - 4 potions of agility
 w - 5 potions of heal wounds
 J - 5 potions of mutation
 K - a potion of cancellation
 L - 2 potions of ambrosia
 Q - 3 potions of lignification
 U - 3 potions of magic
 Y - a potion of brilliance
Miscellaneous
 a - a sack of spiders
   (You found it on level 4 of the Lair of Beasts)
 X - a phial of floods
   (You found it on level 12 of the Dungeon)
Comestibles
 e - 38 rations {!d}


   Skills:
 + Level 15.3 Fighting
 - Level 18.0 Axes
 + Level 7.0 Throwing
 + Level 9.5 Armour
 - Level 4.0 Dodging
 + Level 8.9 Evocations


You had 15 spell levels left.
You didn't know any spells.
Your spell library contained the following spells:

 Spells                   Type           Power        Failure   Level  Hunger
 Apportation              Tloc           #.....       89%         1    None
 Passwall                 Tmut/Erth      #.......     96%         2    ####...
 Mephitic Cloud           Conj/Pois/Air  #.......     99%         3    #####..
 Tree Form                Hex/Tmut       N/A          100%        4    ######.
 Irradiate                Conj/Tmut      #.........   100%        5    #######
 Statue Form              Tmut/Erth      #........    100%        6    #######


Dungeon Overview and Level Annotations

Branches:
Dungeon (12/12)            Temple (0/1) D:4            Lair (6/6) D:7
 Shoals (0/3) Lair:2       Spider (2/3) Lair:3        Slime (0/5) Orc
    Orc (1/1) D:11            Elf (0/3) Lair:6       Vaults (0/3) D:11
 Depths (0/5) D:12

Altars:
Ashenzari
Cheibriados
Elyvilon
Fedhas
Hepliaklqana
Makhleb
Nemelex Xobeh
Okawaru
Qazlal
Ru
Sif Muna
Vehumet
Wu Jian
Xom
Zin
Jiyva

Shops:
D:7 !   Orc [:*(

Annotations:
D:3 Grinder
D:5 1 runed door
Spider:2 Jorgrun


Innate Abilities, Weirdness & Mutations

You cannot wear boots.
You can swim through water.
Your serpentine skin is tough. (AC +5)
You have supernaturally acute eyesight. (SInv)
Armour fits poorly on your strangely shaped body.
Your system is resistant to poisons. (rPois)
You cover ground very slowly.
You have a slow metabolism.
You can spit poison.
You can use your snake-like lower body to constrict enemies.


Message History

A worker ant comes into view.
The earth elemental hits you but does no damage.
The tarantella bites you.
You are more confused.
You slash the worker ant!
You kill the worker ant!
Trog accepts your kill.
You barely miss the earth elemental. You closely miss the worker ant. x2
You closely miss the tarantella.
You are no longer corroded.
You feel sick.
The worker ant bites you but does no damage.
A redback comes into view. x2
The tarantella bites you.
You are more confused.
The worker ant barely misses you.
You are too berserk!
You feel much better.
You are no longer berserk.
You are exhausted.
You feel as though you will be slow longer.
You feel sick. The worker ant barely misses you.
The worker ant bites you but does no damage.
The grasping roots constrict you. The tarantella closely misses you.
The moth of wrath goads the soldier ant on!
The soldier ant goes berserk!
The moth of wrath goads the soldier ant on!
The soldier ant goes berserk!
The earth elemental misses you.
A wolf spider comes into view.
You're too confused!
You feel better. The worker ant bites you. The tarantella closely misses you.
The worker ant bites you but does no damage.
The worker ant waves its antennae.
A redback comes into view.
You hear a grinding noise.
The tarantella barely misses you.
The moth of wrath goads the worker ant on!
The worker ant goes berserk!
Jorgrun hits you but does no damage.
Ssssck.
The grasping roots constrict you.
The soldier ant stings you but does no damage.
The tarantella misses you.
Okay, then.
Evoke which item? (* to show all) (? for menu, Esc to quit)
Okay, then.
Okay, then.
Press: ? - help, v - describe, . - travel, g - get item
Here: Jorgrun, wielding a +0 quarterstaff of crushing and wearing a +0 robe
Items here: †††† a worker ant corpse a jumping spider corpse; a demonic crawler corpse; a wolf spider corpse Attempting to read a scroll while constricted might waste it - continue anyway?
You're unable to finish using the scroll due to being constricted!
The dust glows bright ochre!
The worker ant bites you but does no damage.
The tarantella bites you but does no damage.
A soldier ant comes into view.
The soldier ant barely misses you. The earth elemental hits you.
The earth elemental barely misses you. Jorgrun closely misses you.
The grasping roots constrict you.
The moth of wrath goads the soldier ant on!
The soldier ant goes berserk!
The moth of wrath goads the worker ant on!
The worker ant goes berserk!
The worker ant bites you but does no damage.
The soldier ant stings you but does no damage.
The tarantella bites you but does no damage.
The earth elemental barely misses you.
A worker ant comes into view.
Attempting to read a scroll while constricted might waste it - continue anyway?
You're unable to finish using the scroll due to being constricted!
You experience a momentary feeling of inescapable doom!
The worker ant bites you but does no damage.
The soldier ant barely misses you. The tarantella barely misses you.
The soldier ant stings you but does no damage.
Jorgrun casts a spell at the earth elemental.
Some walls begin to move on their own!
The grasping roots constrict you! The soldier ant stings you.
The earth elemental hits you. The earth elemental misses you.
The tarantella bites you.
The soldier ant stings you but does no damage.
Jorgrun casts a spell at you. The iron shot hits you!
* * * LOW HITPOINT WARNING * * *
The grasping roots constrict you. The soldier ant stings you!
* * * LOW HITPOINT WARNING * * *
You hear an angry hiss. x5
Okay, then.
Okay, then.
Okay, then.
Attempting to read a scroll while constricted might waste it - continue anyway?
You're unable to finish using the scroll due to being constricted!
You hear the chiming of a distant gong.
The soldier ant closely misses you. The tarantella bites you!
* * * LOW HITPOINT WARNING * * *
You are confused.
The soldier ant barely misses you.
A worker ant comes into view.
The soldier ant stings you!!
* * * LOW HITPOINT WARNING * * *
The earth elemental hits you!
You die...

##### #### #.#..
###..## .#.
...###.##..# ...a
##..#.#..#..# #####^a..
.....#.....###.#...$..
###..###..###.#ywasa...
#....#.#..#...#aassa...
##.#.[.#..#...Easaa....
####..#..##.^E@gas....
#...#..#...aEaE..#..
####...##....aa...#
#.......#...##E.....^
#.........### #.....#
#...####..^#.##....(.#
#####...|........#...#
........##....##...[.
.^..#.###...###


You could see Jorgrun, a torpor snail, a wolf spider, a moth of wrath, 5 earth
elementals, a tarantella, 3 redbacks, 8 soldier ants and 7 worker ants.

Vanquished Creatures
  Arachne (Spider:2)
  Gastronok (Lair:3)
  Kirke (Lair:3)
  An orc warlord (Orc)
  A dire elephant (Lair:6)
  Nessos (Lair:4)
  2 entropy weavers
  Snorg (Lair:5)
  Urug (Lair:5)
  2 fire dragons (D:12)
  Josephine (D:12)
  Erica (D:9)
  Fannar (Orc)
  2 hydras (Lair:6)
  Harold (Orc)
  A catoblepas (Lair:6)
  A death knight (D:12)
  5 two-headed ogres
  An anaconda (Lair:5)
  A tengu warrior (D:12)
  8 death yaks
  2 orc high priests (Orc)
  2 centaur warriors
  Nergalle (D:9)
  A goliath frog (Lair:6)
  5 skeletal warriors (D:11)
  2 cyclopes
  A lindwurm (Lair:6)
  2 orange crystal statues
  4 orc knights (Orc)
  A wolf spider zombie (D:11)
  Pikel (D:5)
  3 orb spiders (Spider:1)
  2 deep elf magi
  13 wolf spiders
  2 orc sorcerers (Orc)
  3 oklob plants
  4 manticores
  A moth of wrath (Spider:2)
  6 slime creatures
  5 ugly things
  16 elephants
  A merfolk siren (Lair:2)
  5 black mambas
  2 gargoyles
  12 cane toads
  12 jumping spiders
  2 kobold demonologists
  5 demonic crawlers
  3 tengu conjurers
  2 rime drakes
  2 efreet
  An eye of draining (D:10)
  3 komodo dragons
  4 trolls
  A merfolk (Lair:2)
  A polar bear (shapeshifter) (D:9)
  4 polar bears
  4 blink frogs (Lair:5)
  12 hippogriffs
  Grum (Lair:4)
  3 harpy skeletons
  8 dream sheep
  2 vampires (D:11)
  6 tarantellas
  10 yaks
  A spriggan (Lair:3)
  6 wraiths
  3 hogs (Lair:3)
  5 basilisks
  2 wyverns
  4 hungry ghosts
  2 vampire mosquitoes (D:10)
  19 redbacks
  A steam dragon (D:9)
  6 wargs (Orc)
  19 crocodiles
  Duvessa (D:5)
  12 water moccasins
  3 sky beasts
  13 porcupines
  7 soldier ants
  A slave (D:5)
  4 black bears
  An ice beast (D:6)
  22 orc warriors
  A cane toad skeleton (D:10)
  A hornet zombie (D:8)
  A necrophage (D:8)
  2 phantoms
  3 ogres
  27 wolves
  20 bullfrogs
  Blork the orc (D:4)
  9 kobold brigands
  Dowan (D:5)
  11 centaurs
  5 scorpions
  16 killer bees
  A water moccasin skeleton (D:5)
  11 wights
  3 howler monkeys
  4 electric eels
  10 orc priests
  7 crimson imps
  3 hounds
  2 quasits
  A jelly (D:9)
  A gnoll shaman (D:7)
  3 bullfrog skeletons
  8 iguanas
  10 orc wizards
  19 worker ants
  6 hell rats (Lair:1)
  A hound skeleton (D:9)
  A howler monkey zombie (D:8)
  2 howler monkey skeletons
  4 gnolls
  11 adders
  11 river rats (Lair:1)
  A shadow imp (D:6)
  2 adder zombies
  2 adder skeletons
  7 worms
  3 dart slugs
  52 orcs
  A giant cockroach (D:3)
  9 goblins
  5 hobgoblins
  6 jackals
  44 kobolds
  6 quokkas
  2 ball pythons
  A ball python zombie (D:3)
  6 bats
  8 frilled lizards
  A quokka skeleton (D:4)
  22 rats
  6 fungi
  3 plants
754 creatures vanquished.

Vanquished Creatures (collateral kills)
  2 entropy weavers (Spider:1)
  A hydra (D:10)
  A death yak (Lair:6)
  A slime creature (D:10)
  A dream sheep (Lair:6)
  A crocodile (D:7)
  2 orc warriors
  An ogre (Orc)
  A bullfrog (D:7)
  A killer bee (D:7)
  An orc priest (D:7)
  An orc wizard (D:7)
  2 orcs (D:7)
16 creatures vanquished.

Vanquished Creatures (others)
  An orc warrior (Orc)
  12 fungi
  7 plants
20 creatures vanquished.

Grand Total: 790 creatures vanquished

Notes
Turn   | Place    | Note
-------+----------+-------------------------------------------
     0 | D:1      | Artagas the Naga Berserker began the quest for the Orb.
     0 | D:1      | Reached XP level 1. HP: 21/21 MP: 1/1
   424 | D:1      | Reached XP level 2. HP: 28/28 MP: 2/2
  1291 | D:2      | Found an ornate altar of the Wu Jian Council.
  1315 | D:2      | Reached XP level 3. HP: 34/34 MP: 3/3
  1782 | D:2      | Reached ** piety under Trog
  2000 | D:3      | Found a radiant altar of Vehumet.
  2059 | D:3      | Noticed a sky beast
  2074 | D:3      | Reached skill level 4 in Fighting
  2074 | D:3      | Reached XP level 4. HP: 44/44 MP: 4/4
  2075 | D:3      | Reached skill level 4 in Axes
  2080 | D:3      | Killed a sky beast
  2081 | D:3      | Reached XP level 5. HP: 51/51 MP: 5/5
  2223 | D:3      | Noticed Grinder
  2490 | D:3      | Reached skill level 5 in Fighting
  2490 | D:3      | Reached skill level 5 in Axes
  2490 | D:3      | Reached XP level 6. HP: 47/61 MP: 6/6
  2618 | D:4      | Found a glowing drain.
  2627 | Sewer    | Entered a sewer
  2776 | Sewer    | Found a glowing silver altar of Zin.
  2902 | D:4      | Found a snail-covered altar of Cheibriados.
  2936 | D:4      | Noticed Blork the orc
  2950 | D:4      | Killed Blork the orc
  2951 | D:4      | Reached XP level 7. HP: 54/68 MP: 7/7
  3003 | D:4      | Reached *** piety under Trog
  3051 | D:4      | Reached skill level 6 in Fighting
  3051 | D:4      | Reached skill level 6 in Axes
  3204 | D:4      | Found a staircase to the Ecumenical Temple.
  3263 | D:4      | Got a pitted wooden ring
  3265 | D:4      | Identified the cursed ring of Satisfaction {Fire rPois rN++
                  | Str-3 Dex-4} (You found it on level 4 of the Dungeon)
  3326 | D:4      | Found an iron altar of Okawaru.
  3408 | D:5      | Entered Level 5 of the Dungeon
  3421 | D:5      | Noticed Dowan
  3423 | D:5      | Identified the ring "Byck" {Fire *Slow rElec Str+2}
  3423 | D:5      | Noticed Duvessa
  3433 | D:5      | Killed Duvessa
  3434 | D:5      | Reached skill level 2 in Armour
  3434 | D:5      | Reached skill level 2 in Dodging
  3434 | D:5      | Reached skill level 1 in Evocations
  3473 | D:5      | Killed Dowan
  3474 | D:5      | Reached XP level 8. HP: 78/78 MP: 7/9
  3722 | D:5      | Got a faintly humming chain mail
  3783 | D:5      | Found a shattered altar of Ashenzari.
  3834 | D:5      | Reached skill level 2 in Evocations
  3856 | D:5      | Noticed Pikel
  3870 | D:5      | Killed Pikel
  3871 | D:5      | Reached skill level 7 in Fighting
  3871 | D:5      | Reached skill level 7 in Axes
  3924 | D:5      | Found a runed door.
  4006 | D:5      | Reached skill level 3 in Armour
  4006 | D:5      | Reached skill level 3 in Dodging
  4006 | D:5      | Reached XP level 9. HP: 69/86 MP: 11/11
  4016 | D:5      | Identified the +9 chain mail of Exclusion {+Inv rF+ Stlth+}
                  | (You found it on level 5 of the Dungeon)
  4211 | D:6      | Reached skill level 3 in Evocations
  4356 | D:6      | Reached **** piety under Trog
  4568 | D:6      | Reached skill level 8 in Fighting
  4568 | D:6      | Reached skill level 8 in Axes
  4612 | D:6      | Found a glowing silver altar of Zin.
  4992 | D:7      | Reached skill level 4 in Armour
  5092 | D:7      | Reached XP level 10. HP: 98/98 MP: 12/12
  5094 | D:7      | Reached skill level 4 in Evocations
  5181 | D:7      | Reached skill level 4 in Dodging
  5182 | D:7      | Identified the ring of Aschioz {Ice rElec}
  5234 | D:7      | Reached skill level 9 in Axes
  5245 | D:7      | Reached skill level 5 in Armour
  5294 | D:7      | Reached ***** piety under Trog
  5295 | D:7      | Reached skill level 9 in Fighting
  5336 | D:7      | Found a staircase to the Lair.
  5501 | D:7      | Found Qacvic's Distillery.
  5530 | D:7      | Bought a potion of heal wounds for 65 gold pieces
  5530 | D:7      | Bought a potion of haste for 130 gold pieces
  5530 | D:7      | Bought a potion of haste for 130 gold pieces
  5530 | D:7      | Bought a potion of curing for 32 gold pieces
  5530 | D:7      | Bought a potion of mutation for 104 gold pieces
  5983 | D:7      | Found a shimmering blue altar of Sif Muna.
  5997 | D:7      | Identified Sif Muna's Compendium of Dislocation
  6061 | D:8      | Noticed a two-headed ogre
  6068 | D:8      | Killed a two-headed ogre
  6345 | D:8      | Noticed a two-headed ogre
  6350 | D:8      | Killed a two-headed ogre
  6351 | D:8      | Reached skill level 6 in Armour
  6351 | D:8      | Reached skill level 5 in Evocations
  6376 | D:8      | Reached XP level 11. HP: 108/108 MP: 14/14
  6541 | D:8      | Received a gift from Trog
  6579 | D:8      | Reached skill level 10 in Fighting
  6579 | D:8      | Reached skill level 10 in Axes
  6708 | D:8      | Found a stormy altar of Qazlal.
  6898 | Lair:1   | Entered Level 1 of the Lair of Beasts
  6898 | Lair:1   | Found a gate leading to a gauntlet.
  6916 | Gauntlet | Entered a Gauntlet
  6916 | Gauntlet | Found a transporter.
  6916 | Gauntlet | Found a transporter.
  6951 | Gauntlet | Noticed a shining eye
  6953 | Gauntlet | Found a transporter.
  6953 | Gauntlet | Found a transporter.
  6969 | Gauntlet | Found a transporter.
  6989 | Gauntlet | Noticed a wizard
  6990 | Gauntlet | Found a transporter.
  6996 | Gauntlet | Noticed a wizard
  7007 | Gauntlet | Found a transporter.
  7010 | Gauntlet | Noticed a deep troll
  7010 | Gauntlet | a torpor snail changed into a deep troll
  7012 | Gauntlet | Noticed a two-headed ogre
  7012 | Gauntlet | a deep troll changed into a two-headed ogre
  7014 | Gauntlet | Noticed a glowing orange brain
  7014 | Gauntlet | a two-headed ogre changed into a glowing orange brain
  7015 | Gauntlet | Noticed a shining eye
  7015 | Gauntlet | a glowing orange brain changed into a shining eye
  7015 | Gauntlet | Noticed a lindwurm
  7015 | Gauntlet | a shining eye changed into a lindwurm
  7016 | Gauntlet | a lindwurm changed into a yaktaur
  7017 | Gauntlet | Noticed an unseen horror
  7017 | Gauntlet | a yaktaur changed into an unseen horror
  7020 | Gauntlet | an unseen horror changed into a soldier ant
  7023 | Gauntlet | Noticed an orb spider
  7023 | Gauntlet | a soldier ant changed into an orb spider
  7024 | Gauntlet | Found a transporter.
  7024 | Gauntlet | Noticed an unseen horror
  7024 | Gauntlet | an orb spider changed into an unseen horror
  7025 | Gauntlet | an unseen horror changed into a yaktaur
  7030 | Gauntlet | Found a transporter.
  7031 | Gauntlet | Noticed a green ugly thing
  7031 | Gauntlet | Noticed a great orb of eyes
  7031 | Gauntlet | Noticed a green ugly thing
  7032 | Gauntlet | Noticed a shining eye
  7032 | Gauntlet | a wind drake changed into a shining eye
  7034 | Gauntlet | a shining eye changed into a water nymph
  7071 | Gauntlet | Found a transporter.
  7507 | Lair:1   | Reached skill level 6 in Evocations
  7857 | Lair:1   | Reached skill level 11 in Fighting
  7873 | Lair:1   | Reached skill level 11 in Axes
  8843 | Lair:2   | Reached XP level 12. HP: 89/120 MP: 16/16
  9193 | Lair:2   | Found a staircase to the Shoals.
  9336 | Lair:3   | Received a gift from Trog
  9354 | Lair:3   | Noticed Gastronok
  9364 | Lair:3   | Killed Gastronok
  9365 | Lair:3   | Reached skill level 12 in Fighting
  9365 | Lair:3   | Reached skill level 12 in Axes
  9548 | Lair:3   | Found a hole to the Spider Nest.
  9703 | Lair:3   | Noticed Kirke
  9718 | Lair:3   | Killed Kirke
  9902 | Lair:3   | Reached skill level 13 in Fighting
  9902 | Lair:3   | Reached skill level 13 in Axes
 10573 | Lair:4   | Noticed Nessos
 10591 | Lair:4   | Killed Nessos
 10592 | Lair:4   | Gained mutation: You can use your snake-like lower body to
                  | constrict enemies. [Naga growth]
 10592 | Lair:4   | Reached XP level 13. HP: 130/133 MP: 17/17
 10672 | Lair:4   | Reached skill level 14 in Axes
 10730 | Lair:4   | Noticed Grum
 10736 | Lair:4   | Killed Grum
 10869 | Lair:4   | Reached skill level 15 in Axes
 11206 | Lair:4   | Received a gift from Trog
 12080 | Lair:5   | Reached skill level 7 in Evocations
 12229 | Lair:5   | Noticed Snorg
 12341 | Lair:5   | Reached XP level 14. HP: 127/141 MP: 19/19
 12352 | Lair:5   | Reached skill level 7 in Armour
 12408 | Lair:5   | Noticed Urug
 12424 | Lair:5   | Killed Urug
 12922 | Lair:5   | Killed Snorg
 12995 | Lair:6   | Entered Level 6 of the Lair of Beasts
 13329 | Lair:6   | Found a staircase to the Elven Halls.
 13609 | Lair:6   | Reached skill level 8 in Evocations
 13744 | Lair:6   | Reached skill level 1 in Throwing
 13752 | Lair:6   | Received a gift from Trog
 13842 | Lair:6   | Noticed a dire elephant
 13855 | Lair:6   | Killed a dire elephant
 13858 | Lair:6   | Reached skill level 14 in Fighting
 13858 | Lair:6   | Reached skill level 2 in Throwing
 14012 | Lair:6   | Reached skill level 8 in Armour
 14025 | Lair:6   | Found the +8 whip "Snakebite" {curare, rPois}
 14453 | D:9      | Found a hazy altar of Hepliaklqana.
 14679 | D:9      | Found a sacrificial altar of Ru.
 14784 | D:9      | Noticed Nergalle
 14792 | D:9      | Killed Nergalle
 14826 | D:9      | Reached skill level 16 in Axes
 14826 | D:9      | Reached skill level 3 in Throwing
 15018 | D:9      | Found a shimmering blue altar of Sif Muna.
 15136 | D:9      | Found a faded altar of an unknown god.
 15136 | D:9      | Found a sparkling altar of Nemelex Xobeh.
 15142 | D:9      | Found a faded altar of an unknown god.
 15162 | D:9      | Found a stormy altar of Qazlal.
 15164 | D:9      | Found a blossoming altar of Fedhas.
 15347 | D:9      | Noticed Erica
 15353 | D:9      | Killed Erica
 15417 | D:9      | Found a burning altar of Makhleb.
 15417 | D:9      | Found a shimmering altar of Xom.
 15475 | D:10     | Entered Level 10 of the Dungeon
 16370 | D:10     | Reached XP level 15. HP: 152/152 MP: 21/21
 16494 | D:11     | Reached skill level 4 in Throwing
 17441 | D:11     | Found a staircase to the Orcish Mines.
 17495 | D:11     | Found a white marble altar of Elyvilon.
 17801 | D:11     | Identified the Compendium of Mutagenic Poisoning
 17831 | D:11     | Found a gate to the Vaults.
 17860 | D:11     | Reached skill level 5 in Throwing
 18083 | D:12     | Entered Level 12 of the Dungeon
 18162 | D:12     | Reached skill level 9 in Armour
 18535 | D:12     | Received a gift from Trog
 18563 | D:12     | Noticed Josephine
 18569 | D:12     | Killed Josephine
 18628 | D:12     | Reached skill level 15 in Fighting
 18818 | D:12     | Reached skill level 6 in Throwing
 18831 | D:12     | Found a staircase to the Depths.
 19402 | Orc      | Entered the Orcish Mines
 19409 | Orc      | Found Paeqacha's Antique Armour Shop.
 19565 | Orc      | Noticed Harold
 19567 | Orc      | Reached skill level 17 in Axes
 19574 | Orc      | Noticed an orc warlord
 19580 | Orc      | Killed Harold
 19585 | Orc      | Found Nasun's General Store.
 19596 | Orc      | Killed an orc warlord
 19777 | Orc      | Found Etruts's Book Shop.
 19875 | Orc      | Bought a scroll of teleportation for 42 gold pieces
 19889 | Orc      | Found Amuemoy's Antique Weapon Shop.
 19895 | Orc      | Identified the ring of Amelioration {Ice Int+2}
 19895 | Orc      | Noticed Fannar
 19905 | Orc      | Killed Fannar
 19969 | Orc      | Found a viscous altar of Jiyva.
 19970 | Orc      | Found a staircase to the Slime Pits.
 19982 | Orc      | Reached XP level 16. HP: 163/163 MP: 22/22
 20312 | Orc      | Bought a glimmering plate armour for 756 gold pieces
 20312 | Orc      | Bought a heavily runed chain mail for 256 gold pieces
 20322 | Orc      | Identified the cursed +1 plate armour "Kiupp" {rC+ Regen+
                  | rCorr Int+2} (You bought it in a shop in the Orcish Mines)
 20335 | Orc      | Identified the cursed +0 chain mail of Ikleco {rPois rN+}
                  | (You bought it in a shop in the Orcish Mines)
 20608 | Spider:1 | Entered Level 1 of the Spider Nest
 20887 | Lair:3   | Reached skill level 18 in Axes
 21212 | Spider:1 | Received a gift from Trog
 22024 | Spider:2 | Noticed Arachne
 22035 | Spider:2 | Killed Arachne
 22176 | Spider:2 | Noticed Jorgrun
 22183 | Spider:2 | Reached skill level 7 in Throwing
 22197 | Spider:2 | HP: 6/163 [soldier ant (21)]
 22197 | Spider:2 | Slain by an earth elemental

Skill      XL: |  1  2  3  4  5  6  7  8  9 10 11 12 13 14 15 16 |
---------------+-------------------------------------------------+-----
Fighting       | 4 5 6 7 8 9 11 13 14 15 | 15.3
Axes           | 4 5 6 7 8 9 11 13 15 16 17 18 | 18.0
Armour         | 2 3 4 6 8 9 |  9.5
Dodging        | 2 3 4 |  4.0
Evocations     | 1 2 3 5 6 7 8 |  8.9
Throwing       | 3 6 7 |  7.0

Action                   |  1- 3 |  4- 6 |  7- 9 | 10-12 | 13-15 | 16-18 || total
-------------------------+-------+-------+-------+-------+-------+-------++-------
Melee: Hand axe          |    89 |    60 |    91 |   623 |       |       ||   863
       War axe           |       |    41 |   213 |       |       |       ||   254
       Battleaxe         |       |       |       |   111 |   723 |   117 ||   951
       Constrict         |       |       |       |       |   130 |    26 ||   156
 Fire: Blowgun           |       |     6 |       |       |       |       ||     6
Throw: Tomahawk          |       |       |     2 |     3 |    52 |    10 ||    67
       Javelin           |       |       |       |       |    29 |    23 ||    52
Invok: Berserk           |     4 |     1 |    12 |    15 |    30 |     9 ||    71
       Trog's Hand       |       |     1 |     1 |     3 |     6 |     1 ||    12
       Brothers in Arms  |       |       |     1 |       |     5 |     2 ||     8
 Abil: Spit Poison       |    17 |     7 |     4 |     7 |     2 |       ||    37
       Evoke Invisibilit |       |       |       |       |     6 |     3 ||     9
Evoke: Wand              |       |       |       |     2 |     5 |       ||     7
       Sack of spiders   |       |       |       |       |     1 |       ||     1
  Use: Scroll            |     4 |     2 |     4 |     9 |     8 |     2 ||    29
       Potion            |       |       |       |       |     1 |     3 ||     4
 Stab: Sleeping          |     1 |       |       |       |       |       ||     1
       Paralysed         |       |       |       |     4 |       |       ||     4
       Invisible         |       |       |       |       |     5 |     3 ||     8
       Distracted        |       |       |       |       |     1 |       ||     1
  Eat: Ration            |     1 |     1 |       |     2 |     2 |     4 ||    10
       Chunk             |     5 |     4 |    24 |    38 |    77 |     4 ||   152
Armor: Animal skin       |    26 |     5 |       |       |       |       ||    31
       Ring mail         |       |    27 |    62 |       |       |       ||    89
       Chain mail        |       |       |   121 |   519 |   689 |   275 ||  1604
Dodge: Dodged            |    58 |    62 |   104 |   238 |   280 |   204 ||   946

Levels and vault maps discovered:
D:1:      dpeg_arrival_concentric_ovals, layout_rooms, serial_co_window_serial,
          co_window_of_opportunity_a, co_window_of_opportunity_a,
          co_window_cross_1, co_window_paths_a, co_window_paths_b,
          co_window_broadway_b, co_window_of_opportunity_b,
          co_window_broadway_c, co_window_2corner, co_window_2corner,
          co_window_2corner, co_window_corner_b, glass_columns_b,
          glass_columns_c, glass_columns_b, glass_columns_b, glass_columns_b,
          nrook_campfire
D:2:      layout_loops_cross, nicolae_overflow_hidden_temple, first_ration
D:3:      layout_rooms, fiery_altar_vehumet, chequers_ecumenical_altar_grove,
          uniq_grinder
D:4:      layout_rooms, cheibriados_altar_1, okawaru_altar_gauntlet_db,
          minmay_temple_entry_hall, cheibrodos_sewer_entry_sluice,
          hex_intersection, uniq_blork_the_orc
D:5:      layout_basic, lemuel_coloured_pillars_altar, uniq_crazy_yiuf_cottage,
          uniq_pikel, uniq_duvessa
D:6:      layout_rooms, kennysheep_mini, kennysheep_generic_room_15
D:7:      layout_gridville, due_lair_maze_entry_diamond, serial_shops,
          nicolae_shop_stone, minivault_27, led_sif_book
D:8:      layout_basic, hangedman_pestilent_swarm, grunt_qazlal_clouds
D:9:      layout_cave_pods, grunt_temple_overflow_champion_of_chaos,
          chequers_temple_overflow_minitemple, nicolae_overflow_crystal_walls,
          hangedman_ru_absence, nicolae_hepliaklqana_hazy_memory,
          chequers_serial_rivers_micro_c, uniq_nergalle, uniq_erica
D:10:     layout_irregular_city, roderic_lattice_a
D:11:     layout_long_grid, david_orc_4, david_vaults_1, minivault_16,
          kennysheep_flooded_box
D:12:     grunt_enter_depths_hoard, layout_loops_cross, hex_tiny,
          hangedman_decor_slide_cut, uniq_josephine
Lair:1:   lemuel_ratsnest, layout_cave_shapes, gauntlet_entry_generic,
          grunt_megastairs_5, serial_bayou_shore_a
Lair:2:   layout_layer_cave, elwin_shoals_entry_rooms, beast_lair_carwin_7,
          lemuel_fruit_tree
Lair:3:   layout_regular_city, spider_nest_entry_funnel_web,
          grunt_forest_stairs_clearing, uniq_kirke, uniq_gastronok
Lair:4:   layout_regular_city, minmay_lair_oklob_chamber, uniq_nessos, uniq_grum
Lair:5:   layout_roguey, minivault_23, serial_bayou_shore_b,
          infiniplex_staircase_pool, uniq_snorg, uniq_urug
Lair:6:   hangedman_lair_in_review, layout_gridlike
Spider:1: layout_spider_delve, nicolae_spider_circle_web
Spider:2: layout_spider_delve, zaba_anthell, uniq_jorgrun, uniq_arachne
Orc:      grunt_orc_gardens, layout_caves, grunt_orc_garden, grunt_orc_garden,
          grunt_orc_garden, grunt_orc_garden, minmay_slime_entry_oklob_open,
          uniq_fannar, uniq_harold

Table legend:
 A = Turns spent in this place as a percentage of turns spent in the entire game.
 B = Non-inter-level travel turns spent in this place as a percentage of non-inter-level travel turns spent in the entire game.
 C = Inter-level travel turns spent in this place as a percentage of turns spent in this place.
 D = Turns resting spent in this place as a percentage of non-inter-level travel turns spent in this place.
 E = Turns spent auto-exploring this place as a percentage of non-inter-level travel turns spent in this place.
 F = Non-inter-level travel turns spent in this place divided by the number of levels of this place that you've seen.
                   A       B       C       D       E      F
               +-------+-------+-------+-------+-------+----------------------
         Total | 100.0 | 100.0 |   5.9 |  12.6 |  66.3 | 908.6
       Dungeon |  53.7 |  52.7 |   7.6 |  10.0 |  68.5 | 918.2
          Lair |  35.4 |  36.0 |   4.3 |  15.6 |  64.5 | 1253.8
   Spider Nest |   4.9 |   5.1 |   2.0 |  20.1 |  58.9 | 530.5
  Orcish Mines |   4.3 |   4.5 |   2.6 |  14.0 |  61.9 | 930.0
         Sewer |   0.8 |   0.9 |   0.0 |   0.0 |  57.2 | 187.0
      Gauntlet |   0.8 |   0.9 |   0.0 |   3.4 |  88.3 | 179.0
               +-------+-------+-------+-------+-------+----------------------

Table legend:
 A = Kills in this place as a percentage of kills in entire the game.
 B = Kills by you in this place as a percentage of kills by you in the entire game.
 C = Kills by friends in this place as a percentage of kills by friends in the entire game.
 D = Other kills in this place as a percentage of other kills in the entire game.
 E = Experience gained in this place as a percentage of experience gained in the entire game.
 F = Experience gained in this place divided by the number of levels of this place that you have seen.
                   A       B       C       D       E      F
               +-------+-------+-------+-------+-------+----------------------
         Total | 100.0 | 100.0 | 100.0 | 100.0 | 100.0 | 6986.3
       Dungeon |  51.2 |  51.0 |  62.5 |   0.0 |  30.6 | 4091.9
          Lair |  32.3 |  32.8 |  12.5 |   0.0 |  46.1 | 12334.8
   Spider Nest |   7.4 |   7.3 |  12.5 |   0.0 |  14.0 | 11269.0
  Orcish Mines |   7.8 |   7.6 |  12.5 | 100.0 |   9.3 | 14928.0
         Sewer |   1.3 |   1.3 |   0.0 |   0.0 |   0.1 | 107.0
               +-------+-------+-------+-------+-------+----------------------
